Map: Kairos Junction LE

Players

Relaxo - Winner!

  • Race: Protoss Protoss
  • League: Master
  • Spawn Location: 11:00

Mez

  • Race: Terran Terran
  • League: Master
  • Spawn Location: 5:00

VOD

Have the link to the VOD?

Description

Time

  • Played on: Aug. 1, 2019, 12:23 a.m.
  • Length: 10:15
Show
View Real Time Build Order
Export as new Build Order

Relaxo Protoss - Winner!

Build Orders: 1 Gate Expand, Blink Stalkers, Zealot Archon 

Get SALT Encoding   

  12  0:00  Probe  
  13  0:12  Probe  
  14  0:17  Pylon  
  14  0:24  Probe  
  15  0:32  Probe  
  15  0:40  Probe  
  15  0:41  Gateway  
  16  0:46  Assimilator  
  17  0:51  Probe  
  18  1:03  Probe  
  19  1:15  Probe  
  20  1:28  Cybernetics Core  
  20  1:34  Nexus  
  20  1:40  Pylon  
  20  1:43  Probe  
  21  1:51  Assimilator  
  21  1:54  Stalker  
  21  1:55  Probe  
  22  2:03  Probe  
  25  2:10  Warp Gate  
  25  2:11  Probe  
  26  2:21  Probe  
  26  2:24  Sentry  
  29  2:35  Probe  
  30  2:44  Probe  
  30  2:47  Probe  
  32  2:52  Probe, Twilight Council  
  32  2:53  Stalker  
  35  2:59  Probe, Blink  
  35  3:00  Probe  
  37  3:11  Probe  
  37  3:12  Probe  
  39  3:20  Gateway  
  39  3:22  Gateway  
  39  3:23  Probe  
  39  3:24  Probe  
  41  3:35  Assimilator, Probe  
  41  3:36  Probe  
  41  3:40  Pylon  
  43  3:47  Probe  
  44  3:49  Probe  
  45  3:58  Pylon  
  45  3:59  Robotics Facility, Probe  
  45  4:01  Probe  
  47  4:03  Stalker  
  49  4:11  Probe  
  49  4:13  Probe  
  51  4:17  Stalker x2  
  55  4:27  Stalker  
  55  4:31  Pylon  
  57  4:35  Pylon  
  57  4:42  Gateway  
  57  4:44  Gateway  
  57  4:45  Forge  
  57  4:48  Pylon  
  57  4:49  Observer  
  57  4:50  Stalker x2  
  62  4:53  Charge  
  62  4:57  Pylon  
  62  5:13  Nexus  
  62  5:14  Pylon  
  62  5:15  Probe  
  62  5:16  Probe  
  62  5:18  Protoss Ground Armor Level 1, Pylon  
  62  5:26  Templar Archives  
  62  5:29  Probe  
  63  5:38  Probe, Pylon  
  63  5:41  Probe  
  65  5:45  Observer  
  65  5:46  Zealot x2  
  65  5:47  Zealot x2  
  74  5:50  Probe  
  74  5:53  Probe  
  76  6:00  Gateway  
  76  6:03  Probe  
  76  6:04  Sentry  
  79  6:06  Observer  
  79  6:09  Sentry  
  79  6:10  Zealot x3  
  88  6:28  Zealot  
  88  6:30  Zealot  
  88  6:31  Zealot x2  
  72  6:43  Zealot  
  68  6:51  Probe x3  
  68  6:53  Assimilator  
  71  6:55  Assimilator  
  71  6:56  Psionic Storm  
  71  6:57  Pylon  
  71  6:59  Gateway  
  71  7:02  Gateway  
  71  7:03  Probe  
  71  7:04  Observer, Gateway  
  71  7:05  Forge  
  71  7:07  High Templar  
  71  7:08  High Templar, Protoss Ground Armor Level 2  
  76  7:09  Zealot, Probe x2  
  76  7:10  Zealot x2  
  76  7:11  Archon  
  84  7:15  Probe  
  84  7:16  Assimilator  
  84  7:17  Probe  
  84  7:21  Probe  
  87  7:25  Probe  
  87  7:28  Probe  
  88  7:31  Observer  
  88  7:33  Probe  
  88  7:35  Probe  
  90  7:40  Probe  
  92  7:45  Probe  
  92  7:46  Zealot x3  
  92  7:47  Zealot  
  101  7:51  Pylon  
  101  7:52  Observer  
  101  7:53  High Templar  
  101  7:55  Protoss Ground Weapons Level 1  
  101  7:56  Zealot x2  
  101  7:58  Probe x2  
  110  8:02  Pylon  
  110  8:14  Observer  
  110  8:15  Pylon  
  110  8:16  High Templar x2  
  115  8:20  Zealot x3  
  115  8:21  Zealot x3  
  127  8:30  Zealot  
  129  8:34  Pylon  
  129  8:36  Pylon  
  129  8:37  Pylon  
  129  8:42  Nexus  
  129  8:44  Pylon  
  129  8:47  Assimilator  
  132  8:49  Assimilator  
  132  8:51  Stalker x2  
  132  8:55  Stalker x3  
  139  9:15  Zealot x6  
  151  9:28  Stalker x2  
  151  9:29  Stalker  
  153  9:38  Zealot x2  
  153  9:39  Zealot x4  
  135  10:00  Zealot x9  
Show
View Real Time Build Order
Export as new Build Order

Mez Terran 

Build Orders: Reaper Expand 

Get SALT Encoding   

  12  0:01  SCV  
  13  0:13  SCV  
  14  0:17  Supply Depot  
  14  0:25  SCV  
  15  0:38  SCV  
  15  0:40  Barracks  
  16  0:44  Refinery  
  16  0:51  SCV  
  17  1:03  SCV  
  18  1:18  SCV  
  19  1:29  Reaper  
  19  1:30  Orbital Command  
  20  1:42  Command Center  
  20  1:57  SCV, Barracks  
  21  2:01  Barracks Reactor  
  21  2:10  Barracks  
  21  2:12  SCV  
  22  2:19  Supply Depot  
  22  2:24  SCV  
  23  2:41  SCV, Marine x2  
  26  2:45  Barracks Tech Lab  
  26  2:53  SCV  
  26  2:55  Orbital Command  
  27  3:00  Marine  
  27  3:01  Marine x2  
  27  3:05  SCV  
  31  3:06  Marauder  
  31  3:07  Concussive Shells  
  33  3:17  SCV  
  33  3:18  Marine  
  33  3:19  Marine x2  
  37  3:23  Supply Depot  
  37  3:24  SCV  
  38  3:29  SCV  
  38  3:30  Marauder  
  41  3:36  Marine x2  
  41  3:37  Marine  
  44  3:42  Engineering Bay  
  44  3:45  Supply Depot  
  44  3:52  Marine  
  44  3:54  Marine x2  
  44  3:55  Marine  
  48  3:57  SCV  
  48  3:58  SCV  
  50  4:03  Stimpack  
  50  4:08  Supply Depot  
  51  4:10  SCV x2  
  51  4:12  Marine  
  51  4:13  Marine x3  
  56  4:20  Missile Turret  
  56  4:34  SCV x2  
  56  4:35  Marine x3  
  56  4:38  Terran Infantry Weapons Level 1  
  61  4:40  Command Center  
  61  4:41  Marine  
  62  4:46  Supply Depot  
  62  4:51  SCV x2  
  64  4:55  Refinery  
  64  4:56  Refinery, Marine  
  64  4:57  Marine x2  
  64  4:59  Marine  
  68  5:06  Bunker  
  68  5:09  Factory  
  68  5:13  SCV x2  
  70  5:17  Marine x2  
  70  5:18  Marine  
  72  5:22  Supply Depot  
  72  5:25  SCV x2, Marine  
  75  5:37  SCV x2  
  75  5:39  Marine  
  78  5:43  Marine x2  
  78  5:49  SCV, Supply Depot  
  81  5:53  Factory Reactor  
  81  5:54  Starport, Orbital Command  
  81  5:56  Barracks  
  81  6:00  Barracks  
  81  6:03  Combat Shield  
  81  6:04  Barracks Tech Lab  
  81  6:05  Marine x3  
  83  6:11  SCV  
  83  6:12  SCV  
  83  6:13  Refinery, Orbital Command  
  83  6:15  Supply Depot  
  85  6:23  Marine  
  85  6:24  SCV x2  
  68  6:48  Marine x2, Marauder  
  68  6:49  Barracks Reactor, Marauder  
  68  6:50  Barracks Tech Lab  
  68  6:51  SCV x2  
  68  6:53  SCV  
  75  6:56  Supply Depot  
  75  6:58  Terran Infantry Armor Level 1  
  75  7:03  SCV  
  75  7:06  Medivac x2  
  75  7:08  SCV x2, Marine x2, Supply Depot  
  82  7:10  Marauder  
  82  7:13  Barracks  
  82  7:15  SCV  
  87  7:16  Barracks  
  87  7:17  Barracks  
  87  7:20  SCV  
  87  7:21  SCV  
  89  7:24  Marauder x2  
  89  7:27  SCV  
  94  7:33  SCV  
  94  7:34  Marine x3, Marauder  
  94  7:36  Command Center  
  100  7:39  Medivac x2  
  104  7:45  Marauder  
  104  7:50  Armory  
  106  7:51  SCV x2  
  106  7:52  SCV  
  106  7:53  Engineering Bay  
  106  7:56  Refinery  
  106  7:57  Marine, Marauder x2  
  114  8:03  SCV  
  114  8:04  SCV  
  114  8:05  Marine x3  
  119  8:09  SCV, Medivac x2  
  124  8:16  SCV x2  
  124  8:17  Supply Depot  
  126  8:21  Supply Depot  
  126  8:24  Marine  
  126  8:25  Marauder x3  
  133  8:38  Marine x3  
  133  8:39  SCV  
  137  8:42  Marine  
  137  8:45  Marine  
  137  8:46  Marauder  
  141  8:56  Marine  
  141  8:57  Marine, Marauder  
  145  9:04  Marauder  
  145  9:07  Marauder, Medivac x2  
  151  9:18  Marine x3  
  151  9:19  Marauder  
  151  9:21  Ghost Academy  
  154  9:25  Barracks  
  154  9:26  Barracks x3  
  154  9:38  Marine x3  
  138  9:39  Marauder  
  118  9:55  Marine  
  118  9:56  Marine x5  
Tags
 
Add a new tag
Caveats
  • Supply blocks, unpowered buildings, or Contaminate may cause inaccurate times.
  • Supply counts are checked every 10 seconds.